 Dungeon Crawl Stone Soup version 0.31-a0-176-g91f28db67f (webtiles) character file.

Game seed: 10560123071723010514

3753 qw the Cleaver (level 10, 0/65 HPs)
             Began as a Gargoyle Fighter on June 17, 2023.
             Was a Believer of Okawaru.
             Slain by a fire elemental (12 damage)
             ... summoned by a deep elf pyromancer
             ... on level 7 of the Dungeon.
             The game lasted 00:03:28 (6331 turns).

qw the Cleaver (Gargoyle Fighter)                   Turns: 6331, Time: 00:03:28

Health: 0/65       AC: 24    Str: 23    XL:     10   Next: 15%
Magic:  11/13      EV: 11    Int: 10    God:    Okawaru [**....]
Gold:   506        SH:  6    Dex: 12    Spells: 9/9 levels left

rFire   . . .        Y - +2 war axe (venom)
rCold   . . .        c - +0 buckler
rNeg    + . .        s - +0 chain mail
rPois   inf          (no helmet)
rElec   +            p - +0 cloak
rCorr   .            (no gloves)
SInv    +            (no boots)
Will    .....        e - amulet of faith Stlth
                     a - ring "Lorgh" {Dex+3 SInv}
HPRegen 0.30/turn    l - +4 ring of protection
MPRegen 0.13/turn

%: faith
@: about to teleport, heroic
A: sickness immunity, AC +7, negative energy resistance 1, electricity
resistance, torment resistance 1, petrification resistance
a: Renounce Religion, Heroism


You were on level 7 of the Dungeon.
You worshipped Okawaru.
Okawaru was pleased with you.
You visited 2 branches of the dungeon, and saw 8 of its levels.
You also visited: Sewer.

You collected 506 gold pieces.


Innate Abilities, Weirdness & Mutations

You are immune to sickness and miasma.
Your stone body is resilient. (AC +7)
You are immune to poison.
You resist negative energy. (rN+)
You are resistant to electric shocks. (rElec)
You are resistant to unholy torment.
You are immune to petrification.


   Skills:
 - Level 8.6(13.6) Fighting
 + Level 9.6(14.6) Axes
 - Level 5.0(10.0) Armour
 - Level 2.3(7.3) Dodging
 - Level 4.4(9.4) Shields
 - Level 4.1 Invocations


You had 9 spell levels left.
You didn't know any spells.
Your spell library was empty.

Inventory:

Hand Weapons
 b - a +0 morningstar
 Y - a +2 war axe of venom (weapon)
Armour
 c - a +0 buckler (worn)
 p - a +0 cloak (worn)
 s - a +0 chain mail (worn)
Jewellery
 a - the ring "Lorgh" (left hand) {Dex+3 SInv}
   (You acquired it on level 1 of the Dungeon)

   [ring of see invisible]

   Dex:       It affects your dexterity (+3).
   SInv:      It lets you see invisible.
 e - an amulet of faith (around neck)
 f - an amulet of the acrobat
 l - a +4 ring of protection (right hand)
 t - the ring of Vehumet's Castigation {rC+ MP+9}
   (You acquired it in a sewer)

   [ring of magical power]

   rC:        It protects you from cold.
   MP:        It affects your magic capacity (+9).
 v - a ring of ice
Scrolls
 j - 2 scrolls of identify
 o - a scroll of fog {unknown}
Potions
 d - 6 potions of might
 g - 2 potions of attraction
 h - a potion of enlightenment
 i - 2 potions of haste
 k - 2 potions of mutation
 m - 3 potions of curing
 n - a potion of heal wounds
 q - a potion of lignification
 r - a potion of resistance

Dungeon Overview and Level Annotations

Branches:
Dungeon (7/15)             Temple (1/1) D:5           Sewer (visited)

Altars:
Ashenzari
Cheibriados
Elyvilon
Fedhas
Gozag
Hepliaklqana
Kikubaaqudgha
Nemelex Xobeh
Okawaru
Qazlal
Ru
Trog
Uskayaw
Vehumet
Wu Jian
Xom
Yredelemnul
Zin
The Shining One


Message History

Found a granite statue.
Enter note:
Enter note: You now have 506 gold pieces (gained 6).
You open the gate.
A deep elf pyromancer comes into view. It is wielding a +0 long sword.
The deep elf pyromancer gestures at you while chanting.
The sticky flame hits you but does no damage.
You are covered in liquid flames!
Enter note:
Enter note: You are covered in liquid flames!
The deep elf pyromancer gestures wildly while chanting.
There is an open gate here.
Enter note:
Enter note: You slash the plant!
The plant begins to die.
The plant is lightly damaged.
You are covered in liquid flames!
The deep elf pyromancer gestures at you while chanting.
The bolt of fire hits the plant!!
The bolt of fire hits you!!
6329 ||| INVOKING Heroism.
You gain the combat prowess of a mighty hero.
The fire elemental hits you. The fire elemental burns you!
The fire elemental hits you. The fire elemental burns you!
The deep elf pyromancer gestures wildly while chanting.
The deep elf pyromancer blinks!
You slice the fire elemental!!
The fire elemental is severely damaged.
You completely miss the plant. You hit the fire elemental.
You block the fire elemental's attack. The fire elemental hits you.
The fire elemental burns you!
6331 ||| READING scroll of teleportation.
As you read the scroll of teleportation, it crumbles to dust.
You feel strangely unstable. The fire elemental misses you. x2
You block the deep elf pyromancer's attack.
The fire elemental hits you. The fire elemental burns you!
The fire elemental hits you. The fire elemental burns you!
You die...

###%##########.#######
#........# ##.........
#........###.....####
#................#
#...###########..#
#.(.# +}ยค.+ #..#
#...# +..0+ #..# #...#


+PE0+ #..# .... #@E'#..#./# .## #.e.#..#.## #...#..#.# #...#..#.# # #...#..#.#
#..#...#..#.# #..8...8..#.# .............# .....########## You could see a deep
elf pyromancer and 2 fire elementals.

Vanquished Creatures
  A two-headed ogre (D:6)
  Sigmund (D:3)
  A wyvern (D:6)
  5 yaks (D:6)
  Duvessa (D:4)
  2 black bears
  3 ice beasts
  An ogre (D:6)
  3 centaurs
  Blork the orc (D:4)
  2 bullfrogs (D:6)
  3 scorpions
  Dowan (D:4)
  2 jellies (D:6)
  3 orc priests
  5 hounds
  2 sleepcaps
  2 iguanas
  5 orc wizards
  A hell rat (Sewer)
  6 gnolls
  4 adders
  4 river rats
  A white imp (D:6)
  2 ufetubi
  4 worms
  3 dart slugs
  20 orcs
  8 endoplasms
  2 giant cockroaches
  8 goblins
  5 hobgoblins
  12 jackals (D:1)
  5 quokkas
  6 ball pythons
  7 bats
  4 frilled lizards
  6 kobolds
  13 rats
165 creatures vanquished.

Notes
Turn   | Place    | Note
-------+----------+-------------------------------------------
     0 | D:1      | qw the Gargoyle Fighter began the quest for the Orb.
     0 | D:1      | Reached XP level 1. HP: 14/14 MP: 1/1
     0 | D:1      | 0 ||| qw: Version: 0.3-a-5-g6f28e65
     0 | D:1      | 0 ||| qw: Game counter: 477
     0 | D:1      | 0 ||| qw: Always use a shield: true
     0 | D:1      | 0 ||| qw: God list: Okawaru
     0 | D:1      | 0 ||| qw: Allow faded altars: false
     0 | D:1      | 0 ||| qw: Do Orc after D:15 true
     0 | D:1      | 0 ||| qw: Do second Lair branch before Depths: true
     0 | D:1      | 0 ||| qw: Lair rune preference: random
     0 | D:1      | 0 ||| qw: Plans: Normal, Zot:1-4, Slime:5, God:TSO, Crypt,
                  | Tomb, Abyss, Pan, Hells, Win
     0 | D:1      | 0 ||| PLANNING D:1-11
    48 | D:1      | Reached skill level 2 in Axes
    48 | D:1      | 48 ||| FLEEEEING.
   112 | D:1      | 112 ||| Stepping ~*~*~tactically~*~*~ (stealth).
   114 | D:1      | Reached XP level 2. HP: 19/19 MP: 2/2
   427 | D:1      | Reached skill level 3 in Axes
   434 | D:1      | 434 ||| Stepping ~*~*~tactically~*~*~ (stealth).
   442 | D:1      | 442 ||| Stepping ~*~*~tactically~*~*~ (stealth).
   451 | D:1      | 451 ||| Stepping ~*~*~tactically~*~*~ (stealth).
   452 | D:1      | 452 ||| Stepping ~*~*~tactically~*~*~ (stealth).
   458 | D:1      | Reached XP level 3. HP: 21/23 MP: 3/3
   531 | D:1      | 531 ||| Stepping ~*~*~tactically~*~*~ (stealth).
   819 | D:1      | Found a shimmering altar of Xom.
   827 | D:1      | 827 ||| DROPPING amulet of magic regeneration.
   828 | D:1      | 828 ||| UPGRADING to amulet of the acrobat.
   833 | D:1      | 833 ||| READING scroll labelled CETSYODOYT.
   834 | D:1      | 834 ||| READING scroll labelled PYIDDA JUYNKE.
   835 | D:1      | 835 ||| READING scroll labelled MAHIOPT GEUVON.
   838 | D:1      | 838 ||| READING scroll labelled NEROKIO NETAS.
   838 | D:1      | Identified a scroll of acquirement
   838 | D:1      | 838 ||| ACQUIRING ring "Lorgh" {Dex+3 SInv}
   838 | D:1      | Acquired the ring "Lorgh" {Dex+3 SInv}
   840 | D:1      | 840 ||| UPGRADING to ring "Lorgh" {Dex+3 SInv}.
   841 | D:1      | 841 ||| READING scroll labelled SIXKIA SASHRAG LASU.
  1120 | D:2      | 1120 ||| Stepping ~*~*~tactically~*~*~ (stealth).
  1123 | D:2      | 1123 ||| Stepping ~*~*~tactically~*~*~ (stealth).
  1225 | D:2      | Reached XP level 4. HP: 23/28 MP: 4/4
  1637 | D:2      | 1637 ||| UPGRADING to +4 ring of protection.
  1638 | D:2      | 1638 ||| READING scroll labelled NACUAGRU ZISUSTRIF.
  1649 | D:3      | 1649 ||| PLANNING SEWER
  1670 | D:3      | Reached skill level 4 in Axes
  1757 | D:3      | 1757 ||| Stepping ~*~*~tactically~*~*~ (hiding).
  1999 | D:3      | Reached skill level 1 in Dodging
  2045 | D:3      | Found a glowing drain.
  2091 | D:3      | 2091 ||| UPGRADING to +0 cloak.
  2096 | D:3      | 2096 ||| UPGRADING to amulet of faith.
  2106 | D:3      | 2106 ||| READING scroll labelled BAIF OROPOLAD.
  2107 | D:3      | 2107 ||| DRINKING 2 inky potions.
  2113 | Sewer    | Entered a sewer
  2130 | Sewer    | Reached XP level 5. HP: 19/32 MP: 5/5
  2293 | Sewer    | 2293 ||| READING scroll of acquirement.
  2293 | Sewer    | 2293 ||| ACQUIRING ring of Vehumet's Castigation {rC+ MP+9}
  2293 | Sewer    | Acquired the ring of Vehumet's Castigation {rC+ MP+9}
  2313 | Sewer    | 2313 ||| READING scroll labelled LEZEN ZAZURREC.
  2314 | Sewer    | 2314 ||| READING scroll labelled QUIJOW LANNEIPP.
  2315 | Sewer    | 2315 ||| DRINKING 2 amethyst potions.
  2316 | Sewer    | 2316 ||| READING 2 scrolls of identify.
  2316 | Sewer    | 2316 ||| IDENTIFYING yellow potion
  2333 | D:3      | 2333 ||| PLANNING D:1-11
  2390 | D:3      | Noticed Sigmund
  2404 | D:3      | Killed Sigmund
  2405 | D:3      | Reached skill level 5 in Axes
  2405 | D:3      | Reached XP level 6. HP: 18/37 MP: 6/6
  2574 | D:3      | Found a hazy altar of Hepliaklqana.
  2577 | D:3      | Found a bloodstained altar of Trog.
  2579 | D:3      | Found an ancient bone altar of Kikubaaqudgha.
  2658 | D:3      | 2658 ||| READING 2 scrolls of identify.
  2658 | D:3      | 2658 ||| IDENTIFYING glowing cyan potion
  2826 | D:4      | 2826 ||| DROPPING +0 club.
  2929 | D:4      | Noticed a black bear
  2932 | D:4      | Noticed Blork the orc
  2937 | D:4      | Killed a black bear
  2938 | D:4      | Reached XP level 7. HP: 33/44 MP: 7/7
  2947 | D:4      | HP: 9/44 [Blork the orc/puff of flame (6)]
  2948 | D:4      | 2948 ||| READING scroll of teleportation.
  2949 | D:4      | HP: 2/44 [Blork the orc/magic dart (7)]
  3094 | D:4      | 3094 ||| Stepping ~*~*~tactically~*~*~ (stealth).
  3271 | D:4      | Reached skill level 6 in Axes
  3274 | D:4      | 3274 ||| Stepping ~*~*~tactically~*~*~ (stealth).
  3347 | D:4      | 3347 ||| DROPPING +0 mace.
  3423 | D:4      | Noticed Duvessa
  3423 | D:4      | Noticed Dowan
  3424 | D:4      | 3424 ||| Stepping ~*~*~tactically~*~*~ (hiding).
  3427 | D:4      | 3427 ||| Stepping ~*~*~tactically~*~*~ (hiding).
  3429 | D:4      | 3429 ||| Stepping ~*~*~tactically~*~*~ (hiding).
  3430 | D:4      | 3430 ||| Stepping ~*~*~tactically~*~*~ (hiding).
  3431 | D:4      | 3431 ||| Stepping ~*~*~tactically~*~*~ (hiding).
  3442 | D:4      | Killed Duvessa
  3449 | D:4      | 3449 ||| Stepping ~*~*~tactically~*~*~ (hiding).
  3454 | D:4      | Killed Dowan
  3455 | D:4      | Reached skill level 7 in Axes
  3593 | D:4      | Found a shimmering altar of Xom.
  3599 | D:4      | Found a shimmering altar of Xom.
  3600 | D:4      | Found a shimmering altar of Xom.
  3607 | D:4      | 3607 ||| DRINKING 2 murky brown potions.
  3608 | D:4      | 3608 ||| DROPPING potion of brilliance.
  3619 | D:4      | Killed Blork the orc
  3664 | D:4      | 3664 ||| READING scroll of enchant weapon.
  3664 | D:4      | 3664 ||| ENCHANTING +1 war axe.
  3897 | D:4      | HP: 5/44 [orc priest/divine providence (12)]
  3900 | D:4      | Reached XP level 8. HP: 6/49 MP: 8/8
  4190 | D:4      | 4190 ||| DROPPING +2 robe of cold resistance.
  4191 | D:4      | 4191 ||| UPGRADING to +0 chain mail.
  4201 | D:4      | 4201 ||| DROPPING +0 scale mail.
  4202 | D:4      | 4202 ||| READING scroll labelled SOUTARY NUAPO.
  4242 | D:5      | Entered Level 5 of the Dungeon
  4441 | D:5      | 4441 ||| DROPPING +0 flail.
  4442 | D:5      | 4442 ||| DROPPING +1 mace of holy wrath.
  4458 | D:5      | Found a staircase to the Ecumenical Temple.
  4459 | D:5      | 4459 ||| PLANNING TEMPLE
  4467 | Temple   | Entered the Ecumenical Temple
  4480 | Temple   | 4480 ||| PLANNING OKAWARU WORSHIP
  4580 | Temple   | Became a worshipper of Warmaster Okawaru
  4581 | Temple   | 4581 ||| PLANNING D:1-11
  4620 | D:5      | 4620 ||| Stepping ~*~*~tactically~*~*~ (stealth).
  4626 | D:5      | Reached skill level 8 in Axes
  4696 | D:5      | Reached skill level 6 in Fighting
  4861 | D:5      | Found a sparkling altar of Nemelex Xobeh.
  4864 | D:5      | 4864 ||| Stepping ~*~*~tactically~*~*~ (stealth).
  5018 | D:5      | Found a hide-covered altar of Uskayaw.
  5136 | D:5      | 5136 ||| DRINKING 2 lumpy cyan potions.
  5137 | D:5      | 5137 ||| READING 3 scrolls of identify.
  5137 | D:5      | 5137 ||| IDENTIFYING brown potion
  5157 | D:6      | Noticed a wyvern
  5165 | D:6      | Killed a wyvern
  5165 | D:6      | Reached * piety under Okawaru
  5166 | D:6      | 5166 ||| INVOKING Heroism.
  5175 | D:6      | Reached skill level 1 in Invocations
  5175 | D:6      | Reached XP level 9. HP: 30/55 MP: 6/10
  5178 | D:6      | 5178 ||| INVOKING Heroism.
  5291 | D:6      | 5291 ||| INVOKING Heroism.
  5293 | D:6      | Reached skill level 9 in Axes
  5293 | D:6      | Reached skill level 3 in Invocations
  5297 | D:6      | Reached ** piety under Okawaru
  5463 | D:6      | Noticed a two-headed ogre
  5469 | D:6      | 5469 ||| INVOKING Heroism.
  5475 | D:6      | Killed a two-headed ogre
  5475 | D:6      | Reached *** piety under Okawaru
  5489 | D:6      | 5489 ||| INVOKING Heroism.
  5494 | D:6      | Reached XP level 10. HP: 65/65 MP: 10/13
  5517 | D:6      | 5517 ||| INVOKING Heroism.
  5764 | D:6      | 5764 ||| Stepping ~*~*~tactically~*~*~ (stealth).
  5765 | D:6      | 5765 ||| Stepping ~*~*~tactically~*~*~ (stealth).
  5823 | D:6      | 5823 ||| Stepping ~*~*~tactically~*~*~ (stealth).
  5908 | D:6      | 5908 ||| Stepping ~*~*~tactically~*~*~ (stealth).
  5929 | D:6      | 5929 ||| Stepping ~*~*~tactically~*~*~ (stealth).
  6001 | D:6      | 6001 ||| DROPPING +6 ring of intelligence.
  6002 | D:6      | 6002 ||| READING scroll labelled MUKLOM HADUNUE.
  6003 | D:6      | 6003 ||| READING 2 scrolls of identify.
  6003 | D:6      | 6003 ||| IDENTIFYING metallic dark potion
  6051 | D:7      | 6051 ||| Stepping ~*~*~tactically~*~*~ (hiding).
  6052 | D:7      | 6052 ||| Stepping ~*~*~tactically~*~*~ (hiding).
  6239 | D:7      | 6239 ||| Stepping ~*~*~tactically~*~*~ (hiding).
  6240 | D:7      | 6240 ||| Stepping ~*~*~tactically~*~*~ (hiding).
  6241 | D:7      | 6241 ||| Stepping ~*~*~tactically~*~*~ (hiding).
  6242 | D:7      | 6242 ||| Stepping ~*~*~tactically~*~*~ (hiding).
  6326 | D:7      | Noticed a deep elf pyromancer
  6329 | D:7      | 6329 ||| INVOKING Heroism.
  6330 | D:7      | HP: 15/65 [fire elemental[a deep elf pyromancer] (11)]
  6331 | D:7      | 6331 ||| READING scroll of teleportation.
  6331 | D:7      | Slain by a fire elemental

Levels and vault maps discovered:
D:1:      dpeg_arrival_water_altar, layout_basic,
          ebering_ecumenical_altar_abandoned
D:2:      layout_loops_cross
D:3:      layout_rooms, grunt_temple_overflow_diamond, gup_sewer_entry_bubbles,
          uniq_sigmund
D:4:      layout_layer_cave, xom_redecorated, uniq_duvessa, uniq_blork_the_orc
D:5:      layout_basic, eat_drink_and_be_merry_uskayaw,
          mainiacjoe_overflow_cross_hatched, minmay_temple_entry_sparse_star
D:6:      layout_rooms, corner_web_ring, dk_vineyard_2, grunt_tough_drop
D:7:      layout_basic, guppyfry_early_elven_hall
Temple:   dshaligram_water_room_temple

Skill      XL: |  1  2  3  4  5  6  7  8  9 10 |
---------------+-------------------------------+-----
Axes           | 2 3 4 5 7 8 9 |  9.6
Dodging        | 1 2 |  2.3
Fighting       | 4 5 6 8 |  8.6
Armour         | 5 |  5.0
Invocations    | 1 4 |  4.1
Shields        | 4 |  4.4

Action                     |  1- 3 |  4- 6 |  7- 9 | 10-12 || total
---------------------------+-------+-------+-------+-------++-------
  Melee: War axe           |   158 |   168 |   165 |    56 ||   547
 Invoke: Heroism           |       |       |     5 |     2 ||     7
    Use: Scroll            |     5 |     7 |     4 |     3 ||    19
         Potion            |       |     2 |     2 |       ||     4
 Armour: Scale mail        |    98 |    80 |    35 |       ||   213
         Chain mail        |       |       |    87 |    36 ||   123
  Dodge: Dodged            |    80 |    59 |    67 |    20 ||   226
  Block: Buckler           |    38 |    24 |    49 |     7 ||   118

Table legend:
 A = Non-vault XP
 B = Vault XP
 C = Vault XP percentage of total XP
 D = Non-vault monster count
 E = Vault monster count
 F = Vault count percentage of total count
                 A         B        C        D         E       F
            +---------+---------+-------+---------+---------+-------
      Total |    3581 |    1781 |  33.2 |     136 |      29 |  17.6
            +---------+---------+-------+---------+---------+-------
        D:1 |      51 |       0 |   0.0 |      30 |       0 |   0.0
        D:2 |      39 |       0 |   0.0 |      18 |       0 |   0.0
        D:3 |      52 |     264 |  83.5 |      13 |       8 |  38.1
        D:4 |     432 |     316 |  42.2 |      23 |       3 |  11.5
        D:5 |     621 |       0 |   0.0 |      17 |       0 |   0.0
        D:6 |    2219 |    1120 |  33.5 |      27 |       6 |  18.2
        D:7 |     167 |       0 |   0.0 |       8 |       0 |   0.0
      Sewer |       0 |      81 | 100.0 |       0 |      12 | 100.0
            +---------+---------+-------+---------+---------+-------
